 Dungeon Crawl Stone Soup version bcrawl-1.37.1 (webtiles) character file.

Game seed: 5899617324323841875

313985 Morbidden the Blocker (level 11, -7/64 HPs)
             Began as a Skeleton Archaeologist on Oct 22, 2022.
             Was a Priest of Cheibriados.
             Killed from afar by an efreet (19 damage)
             ... with a bolt of fire
             ... on level 10 of the Dungeon.
             The game lasted 00:20:17 (11419 turns).

Morbidden the Blocker (Skeleton Archaeologist)     Turns: 11419, Time: 00:20:17

Health: -7/64      AC: 25    Str: 25      XL:     11   Next: 23%
Magic:  0/30       EV: 10    Int: 21      God:    Cheibriados [***...]
Gold:   610        SH: 19    Dex: 11 (13) Spells: 23/24 levels left

rFire    . . .     GDR:     29% a - +4 morningstar
rCold    + . .     SeeInvis .   h - +4 medium shield {AC+3}
rNeg     + + +     Gourm    .   N - +0 chain mail
rPois    ∞         Faith    .   d - +1 hat
rElec    .         Spirit   +   A - +0 cloak
rCorr    .         Reflect  +   m - +1 pair of gloves
MR       +....     Clarity  +   t - +1 pair of boots
Stlth    +.........             C - +3 amulet of reflection
HPRegen  0.20/turn              k - ring of magical power
MPRegen  0.22/turn              n - +5 ring of protection

@: very slow
A: no food or potions, cold resistance 1, deterioration 1, negative energy
resistance 3, powered by death 1, torment resistance, unbreathing, magic shield,
sturdy frame 2, spell healing
a: Bend Time, Defer, Temporal Distortion, Renounce Religion


You were on level 10 of the Dungeon.
You worshipped Cheibriados.
Cheibriados was most pleased with you.
You were not hungry.

You visited 2 branches of the dungeon, and saw 11 of its levels.
You also visited: Sewer.

You collected 1000 gold pieces.
You spent 390 gold pieces at shops.

Inventory:

Hand Weapons
 a - a +4 morningstar (weapon)
 b - a +0 blowgun
 y - a +5 trident of piercing
 K - a +0 dagger of venom
Missiles
 f - 4 curare-tipped needles
 o - 242 poisoned needles
 F - 45 needles of confusion
 H - 110 poisoned tomahawks (quivered)
 I - 94 javelins
Armour
 d - a +1 hat (worn)
 h - a +4 medium shield of protection (worn)
 m - a +1 pair of gloves (worn)
 t - a +1 pair of boots (worn)
 A - a +0 cloak (worn)
 N - a +0 chain mail (worn)
Jewellery
 k - a ring of magical power (left hand)
 n - a +5 ring of protection (right hand)
 q - an uncursed ring of protection from cold
 r - an uncursed ring of resist corrosion
 u - a +4 ring of dexterity
 C - a +3 amulet of reflection (around neck)
 D - a +5 ring of intelligence
Wands
 s - a wand of iceblast (7)
 w - a wand of random effects (8)
 z - a wand of polymorph (5)
 B - a wand of clouds (9)
 G - a wand of flame (19)
 L - a wand of scattershot (4)
Scrolls
 c - 2 scrolls of immolation
 g - 4 scrolls of magic mapping
 i - 2 scrolls of identify
 j - 8 scrolls of remove curse
 l - 5 scrolls of teleportation
 v - 2 scrolls of fear {unknown}
 x - 3 scrolls of amnesia
 E - a scroll of blinking {unknown}
 J - a scroll of silence {unknown}
 M - a scroll of torment {unknown}
Comestibles
 e - a ration {!d}


   Skills:
 * Level 5.7 Fighting
 + Level 4.6 Short Blades
 * Level 5.6 Maces & Flails
 + Level 5.0 Polearms
 * Level 6.6 Armour
 * Level 6.6 Dodging
 + Level 4.3 Stealth
 * Level 10.9 Shields
 * Level 7.0 Spellcasting
 * Level 4.3 Conjurations
 * Level 2.1 Invocations
 * Level 2.0 Evocations


You had 23 spell levels left.
You knew the following spells:

 Your Spells              Type           Power        Failure   Level  Hunger
a - Magic Dart            Conj           ####         21%         1    N/A

Your spell library contained the following spells:

 Spells                   Type           Power        Failure   Level  Hunger
 Sting                    Conj/Pois      ###.         43%         1    N/A
 Conjure Flame            Conj/Fire      ###.....     82%         3    N/A
 Blink                    Tloc           N/A          87%         2    N/A
 Call Imp                 Summ           #.....       87%         2    N/A
 Poisonous Vapours        Pois/Air       #.....       87%         2    N/A
 Mephitic Cloud           Conj/Pois/Air  ##......     89%         3    N/A
 Ignite Poison            Fire/Tmut/Pois #.......     98%         3    N/A
 Olgreb's Toxic Radiance  Pois           #........    100%        4    N/A
 Summon Scorpions         Summ/Pois      #.......     100%        4    N/A
 Venom Bolt               Conj/Pois      ###.......   100%        5    N/A
 Spider Form              Tmut/Pois      Unusable     N/A         3    N/A

Dungeon Overview and Level Annotations

Branches:
Dungeon (10/12)            Temple (1/1) D:7            Lair (0/6) D:7
    Orc: D:8-11

Altars:
Cheibriados
Gozag
Hepliaklqana
Kikubaaqudgha
Lugonu
Makhleb
Nemelex Xobeh
Okawaru
Ru
Sif Muna
Trog
Uskayaw
Wu Jian
Xom

Shops:
D:6 }}

Portals:
Trove: D:8 (give 8 potions of agility)

Annotations:
D:4 rubinsalamander's ghost, weakling GnRe
D:9 exclusion: ice statue
D:10 Grum; Sonja


Innate Abilities, Weirdness & Mutations

You do not eat or drink.
You are immune to poison.
Your flesh is cold resistant. (rC+)
Your body sometimes deteriorates upon taking damage.
You are immune to negative energy. (rN+++)
You regenerate a little health from kills.
You are immune to unholy pain and torment.
You can survive without breathing.
When hurt, damage is shared between your health and your magic reserves.
Your movements are less encumbered by armour. (ER -4)
Casting spells heals you.


Message History

The efreet gestures at you.
The fireball explodes!
The fireball engulfs you but does no damage.
The fireball engulfs the efreet.
The efreet completely resists.
You hear a shout! x2
No path to travel!
You hit the efreet but do no damage.
The efreet is heavily wounded.
The efreet gestures at you. The bolt of fire hits you!
Sonja, the Graceful Assassin comes into view.
She is wielding a +2 dagger of venom.
The efreet gestures at you. The bolt of fire hits you!!
* * * LOW HITPOINT WARNING * * *
No path to travel!
You thump the efreet!
The efreet is almost dead.
The efreet gestures at you. The bolt of fire hits you!!
You die...

....K. #.....
#....# +....#
#....#####
+..O..$..#
#..R.....##
#####..@.......
.$.............
.............#+
.............#
.######+#....+
....# ....+
.####


You could see Sonja, an efreet and an ogre.

Vanquished Creatures
  Pikel (D:8)
  Joseph (D:8)
  A komodo dragon (D:6)
  2 eyes of draining
  2 trolls (D:9)
  Grinder (Sewer)
  Prince Ribbit (D:6)
  2 hippogriffs
  A shadow (D:8)
  7 yaks
  A spriggan (D:7)
  A steam dragon (D:10)
  3 crocodiles
  2 porcupines (D:7)
  An orc warrior (D:7)
  A phantom (Sewer)
  5 sky beasts
  4 black bears
  5 ogres
  6 wolves
  4 kobold brigands
  3 bullfrogs
  3 centaurs
  A gnoll sergeant (D:9)
  2 scorpions
  7 wights
  7 howler monkeys
  3 crimson imps
  3 bullfrog zombies
  4 bullfrog skeletons
  2 jellies (D:6)
  2 quasits (D:4)
  4 hounds
  Terence (D:2)
  5 iguanas
  3 orc wizards
  9 worker ants
  4 kobold zombies (Sewer)
  A hound zombie (D:3)
  4 hound skeletons
  A worker ant zombie (D:6)
  9 gnolls
  5 adders
  3 shadow imps (Sewer)
  An ufetubus (Sewer)
  An adder skeleton (D:6)
  3 worms
  7 dart slugs
  6 leopard geckos
  16 orcs
  A bat zombie (Sewer)
  4 giant cockroaches
  4 goblins
  9 hobgoblins
  3 jackals (D:8)
  3 quokkas
  6 ball pythons
  9 bats
  7 frilled lizards
  35 kobolds
  A quokka skeleton (D:6)
  A quokka zombie (D:6)
  3 rats
258 creatures vanquished.

Vanquished Creatures (others)
  A slave (D:8)
  2 centaurs (D:9)
3 creatures vanquished.

Grand Total: 261 creatures vanquished

Notes
Turn   | Place    | Note
-------+----------+-------------------------------------------
     0 | D:1      | Morbidden the Skeleton Archaeologist began the quest for
                  | the Orb.
     0 | D:1      | Reached XP level 1. HP: 12/12 MP: 1/1
   466 | D:1      | Reached XP level 2. HP: 14/16 MP: 0/2
   728 | D:1      | Reached skill level 1 in Spellcasting
   953 | D:1      | Found a sparkling altar of Nemelex Xobeh.
  1274 | D:2      | Found a faded altar of an unknown god.
  1297 | D:2      | Reached XP level 3. HP: 19/20 MP: 4/4
  1430 | D:2      | HP: 1/20 [worker ant (4)]
  1635 | D:2      | Reached XP level 4. HP: 17/25 MP: 6/6
  1862 | D:2      | Noticed Terence
  1877 | D:2      | Killed Terence
  1878 | D:2      | Reached skill level 1 in Armour
  2436 | D:3      | Reached XP level 5. HP: 29/29 MP: 8/8
  2436 | D:3      | Identified a scroll of acquirement
  2442 | D:3      | Identified the ring "Xoixex" {rElec rF+} (You acquired it
                  | on level 3 of the Dungeon)
  2581 | D:3      | Reached skill level 1 in Polearms
  2716 | D:3      | Found a bloodstained altar of Trog.
  2878 | D:3      | Reached skill level 1 in Shields
  3533 | D:4      | Gained mutation: You regenerate a little health from kills.
                  | [Skeleton growth]
  3533 | D:4      | Reached XP level 6. HP: 29/35 MP: 9/9
  3559 | D:4      | Found a transporter.
  3602 | D:4      | Found a transporter.
  3605 | D:4      | Noticed rubinsalamander's ghost (weakling GnRe)
  3743 | D:4      | Reached skill level 2 in Shields
  3919 | D:4      | Found an iron altar of Okawaru.
  3921 | D:4      | Found an ancient bone altar of Kikubaaqudgha.
  3921 | D:4      | Found a shimmering altar of Xom.
  3921 | D:4      | Noticed a sky beast
  3923 | D:4      | Found a glowing golden altar of the Shining One.
  3923 | D:4      | Found a blossoming altar of Fedhas.
  3923 | D:4      | Found an opulent altar of Gozag.
  3943 | D:4      | Killed a sky beast
  4309 | D:4      | Reached XP level 7. HP: 27/40 MP: 11/11
  4345 | D:4      | Found a corrupted altar of Lugonu.
  4413 | D:4      | Reached skill level 3 in Shields
  4656 | D:4      | Reached skill level 1 in Short Blades
  4762 | D:5      | Entered Level 5 of the Dungeon
  4852 | D:5      | Reached skill level 4 in Shields
  4916 | D:5      | HP: 2/41 [ball python (1)]
  4928 | D:5      | Found a glowing drain.
  4935 | D:5      | HP: 2/41 [worker ant (1)]
  4951 | Sewer    | Entered a sewer
  5481 | Sewer    | Reached XP level 8. HP: 46/46 MP: 13/13
  5517 | Sewer    | Found an ancient bone altar of Kikubaaqudgha.
  5539 | Sewer    | Reached skill level 5 in Dodging
  5563 | Sewer    | Noticed Grinder
  5601 | Sewer    | Paralysed by Grinder for 3 turns
  5623 | Sewer    | Killed Grinder
  5624 | Sewer    | Reached skill level 5 in Shields
  6491 | D:5      | Reached skill level 6 in Shields
  7031 | D:6      | Reached XP level 9. HP: 33/52 MP: 16/16
  7084 | D:6      | Learned a level 1 spell: Magic Dart
  7154 | D:6      | Noticed a komodo dragon
  7169 | D:6      | Killed a komodo dragon
  7170 | D:6      | Reached skill level 5 in Armour
  7170 | D:6      | Reached skill level 7 in Shields
  7277 | D:6      | Noticed Prince Ribbit
  7300 | D:6      | Killed Prince Ribbit
  7301 | D:6      | Reached skill level 5 in Spellcasting
  7301 | D:6      | Reached skill level 1 in Conjurations
  7601 | D:6      | Found Qorchuese's Gadget Shop.
  7616 | D:6      | Bought a wand of clouds (9) for 390 gold pieces
  7823 | D:6      | Found Xicikhom's Gadget Shop.
  7973 | D:7      | Reached skill level 5 in Fighting
  7973 | D:7      | Reached skill level 8 in Shields
  8016 | D:7      | Reached skill level 9 in Shields
  8079 | D:7      | Gained mutation: Your movements are less encumbered by
                  | armour. (ER -4) [Skeleton growth]
  8079 | D:7      | Reached XP level 10. HP: 37/59 MP: 18/18
  8096 | D:7      | Found a staircase to the Lair.
  8145 | D:7      | Found a staircase to the Ecumenical Temple.
  8208 | Temple   | Entered the Ecumenical Temple
  8424 | Temple   | Became a worshipper of Cheibriados the Contemplative
  8985 | D:7      | Found a shimmering blue altar of Sif Muna.
  9200 | D:8      | Noticed Joseph
  9216 | D:8      | Killed Joseph
  9270 | D:8      | Reached skill level 5 in Polearms
  9270 | D:8      | Reached skill level 10 in Shields
  9270 | D:8      | Reached skill level 1 in Invocations
  9277 | D:8      | Reached skill level 1 in Evocations
  9356 | D:8      | Found a portal to a secret trove of treasure.
  9803 | D:8      | Reached * piety under Cheibriados
 10001 | D:8      | Noticed Pikel
 10015 | D:8      | Killed Pikel
 10075 | D:8      | Found a blossoming altar of Fedhas.
 10640 | D:9      | Reached ** piety under Cheibriados
 10708 | D:9      | Reached XP level 11. HP: 57/64 MP: 21/21
 10717 | D:9      | Reached skill level 5 in Maces & Flails
 11279 | D:10     | Entered Level 10 of the Dungeon
 11296 | D:10     | Noticed Grum
 11413 | D:10     | Reached *** piety under Cheibriados
 11418 | D:10     | Noticed Sonja
 11419 | D:10     | Killed from afar by an efreet

Skill      XL: |  1  2  3  4  5  6  7  8  9 10 11 |
---------------+----------------------------------+-----
Spellcasting   | 1 2 3 4 5 6 7 |  7.0
Maces & Flails | 2 4 5 |  5.6
Stealth        | 4 |  4.3
Armour         | 1 2 3 4 5 6 |  6.6
Dodging        | 4 5 6 |  6.6
Polearms       | 2 3 4 5 |  5.0
Fighting       | 2 3 4 5 |  5.7
Shields        | 1 2 4 6 9 10 | 10.9
Short Blades   | 1 3 4 |  4.6
Conjurations   | 2 3 4 |  4.3
Invocations    | 1 2 |  2.1
Evocations     | 1 2 |  2.0

Action                   |  1- 3 |  4- 6 |  7- 9 | 10-12 || total
-------------------------+-------+-------+-------+-------++-------
Melee: Whip              |   135 |     3 |       |       ||   138
       Spear             |       |   324 |     8 |       ||   332
       Dagger            |       |    74 |  1231 |   195 ||  1500
       Morningstar       |       |       |       |   274 ||   274
 Fire: Blowgun           |     1 |    15 |    31 |       ||    47
Evoke: Wand              |       |       |     2 |       ||     2
  Use: Scroll            |       |     7 |     7 |     2 ||    16
 Stab: Sleeping          |     8 |     2 |       |     1 ||    11
Armor: Robe              |    39 |       |       |       ||    39
       Scale mail        |       |    18 |       |       ||    18
       Chain mail        |       |   264 |  1033 |   182 ||  1479
Dodge: Dodged            |    94 |    62 |   284 |   135 ||   575
Block: Medium shield     |       |   149 |   981 |   460 ||  1590
       Reflection        |       |       |       |     9 ||     9
